AoeStats
← Shredded_Pork

Black Forest

506799939Analyzed
4v4 RM · 17d ago on Sep 15, 2026· 87m 16s· 8 players
Game mode
Random Map
Map size
Large (8 player)
Population
200
Speed
Normal
Resources
Standard
Victory
Conquest
Starting age
Dark Age
Ending age
Imperial Age
RankedLock teamsTeams togetherTeam positionsShared explorationLock speedFull tech treeHidden civsTurbo modeCheats
Victory
Defeat
🇦🇺 Burgundians · Australia
852
+12
🇸🇪 Chinese · Sweden
851
+12
🇵🇪 Persians · Peru
774
+16
🇲🇽 Khmer · Mexico
772
+16
🇨🇳 Britons · China
835
-16
🇨🇳 Goths · China
764
-14
🇷🇴 Poles · Romania
757
-14
🇨🇳 Mongols · China
716
-12
Robert08__10
18:59 Feudal Age
26:36 Castle Age
25:43 Stone Mining
25:41 Double-Bit Axe
25:54 Gold Mining
Shredded_Pork
12:38 Feudal Age
13:29 Double-Bit Axe
13:27 Horse Collar
20:46 Castle Age
19:27 Stone Mining
19:27 Gold Mining
22:06 Bow Saw
21:58 Heavy Plow
22:36 Stone Shaft Mining
33:14 Imperial Age
31:32 Anarchy
31:11 Pikeman
33:32 Squires
34:20 Wheelbarrow
33:54 Scale Mail Armor
34:04 Forging
33:24 Halberdier
34:07 Perfusion
36:51 Iron Casting
36:31 Chain Mail Armor
44:57 Blast Furnace
43:48 Fletching
43:59 Padded Archer Armor
45:39 Two-Man Saw
44:56 Hand Cart
45:16 Crop Rotation
45:34 Onager
菜鸟驿站
0:32 Loom
13:28 Feudal Age
14:38 Double-Bit Axe
15:44 Horse Collar
20:51 Castle Age
20:52 Stone Mining
20:53 Gold Mining
31:19 Bow Saw
35:28 Imperial Age
33:36 Wheelbarrow
33:28 Fortified Wall
33:29 Masonry
37:09 Warwolf
38:32 Ballistics
39:16 Chemistry
38:23 Fletching
38:36 Padded Archer Armor
39:25 Conscription
38:26 Elite Longbowman
39:38 Bodkin Arrow
42:13 Yeomen
45:18 Bracer
48:01 Light Cavalry
51:12 Hoardings
51:20 Scale Barding Armor
51:27 Forging
64:10 Chain Barding Armor
64:26 Iron Casting
66:49 Onager
70:45 Murder Holes
穆白岩溪
5:18 Loom
9:58 Feudal Age
10:51 Double-Bit Axe
10:48 Horse Collar
11:58 Gold Mining
18:26 Castle Age
18:37 Stone Mining
19:59 Bow Saw
20:31 Heavy Plow
22:33 Wheelbarrow
22:42 Fervor
22:23 Town Watch
25:07 Hand Cart
30:14 Imperial Age
28:01 Hand Cart
29:08 Gold Shaft Mining
30:10 Stone Shaft Mining
29:28 Fletching
29:38 Padded Archer Armor
30:05 Town Patrol
30:15 Bodkin Arrow
31:01 Coinage
30:40 Scale Barding Armor
31:51 Bracer
32:19 Ballistics
32:59 Chemistry
32:11 Masonry
32:37 Conscription
35:10 Parthian Tactics
34:51 Thumb Ring
35:04 Leather Archer Armor
34:10 Light Cavalry
34:11 Cavalier
35:20 Bloodlines
35:11 Husbandry
34:36 Elite Mangudai
35:18 Nomads
35:38 Drill
36:09 Forging
37:03 Chain Barding Armor
37:55 Iron Casting
37:58 Banking
38:57 Drill
38:05 Capped Ram
40:10 Hoardings
39:50 Siege Ram
40:41 Hussar
42:25 Blast Furnace
41:24 Murder Holes
41:34 Siege Engineers
41:40 Fortified Wall
41:59 Onager
43:18 Siege Onager
44:51 Siege Onager
44:59 Heavy Camel Rider
51:18 Siege Onager
55:23 Caravan
DarkOmega93
1:56 Loom
12:41 Feudal Age
17:34 Castle Age
17:31 Double-Bit Axe
17:39 Stone Mining
17:40 Gold Mining
17:41 Horse Collar
19:00 Heavy Plow
33:46 Imperial Age
31:54 Wheelbarrow
32:13 Bow Saw
32:05 Town Watch
33:37 Hand Cart
34:35 Heavy Scorpion
35:45 Conscription
37:00 Elite Ballista Elephant
38:20 Double Crossbow
40:23 Tusk Swords
40:53 Town Patrol
43:20 Fletching
43:42 Forging
45:10 Scale Barding Armor
45:03 Bodkin Arrow
45:45 Iron Casting
49:23 Chemistry
48:45 Ballistics
48:32 Bracer
48:55 Chain Barding Armor
49:38 Blast Furnace
49:33 Murder Holes
49:51 Masonry
49:49 Siege Engineers
56:58 Architecture
59:51 Caravan
69:38 Plate Barding Armor
69:05 Padded Archer Armor
69:05 Scale Mail Armor
69:20 Fortified Wall
79:06 Husbandry
78:32 Capped Ram
78:37 Elite Battle Elephant
79:29 Bloodlines
80:21 Siege Ram
81:26 Chain Mail Armor
81:29 Leather Archer Armor
81:47 Crop Rotation
jhadir
11:29 Feudal Age
16:49 Castle Age
16:24 Double-Bit Axe
16:22 Horse Collar
25:01 Gold Mining
25:04 Stone Mining
25:28 Heavy Plow
25:59 Bow Saw
31:53 Imperial Age
30:33 Wheelbarrow
31:32 Hand Cart
33:52 Two-Man Saw
33:13 Loom
33:16 Town Watch
35:43 Forging
35:39 Scale Barding Armor
36:35 Conscription
36:00 Cavalier
37:23 Iron Casting
37:05 Husbandry
37:16 Bloodlines
38:25 Chemistry
37:45 Ballistics
38:08 Crop Rotation
37:34 Savar
37:48 Elite War Elephant
38:37 Caravan
41:33 Blast Furnace
40:53 Chain Barding Armor
42:49 Gold Shaft Mining
53:11 Onager
57:00 Citadels
Trollslaendan
1:01 Loom
14:07 Feudal Age
21:46 Castle Age
19:41 Double-Bit Axe
22:11 Fletching
22:23 Padded Archer Armor
22:17 Gold Mining
22:21 Stone Mining
23:39 Bodkin Arrow
24:22 Leather Archer Armor
24:39 Thumb Ring
25:22 Bow Saw
25:42 Caravan
30:53 Ballistics
30:47 Thumb Ring
38:13 Imperial Age
36:22 Wheelbarrow
35:34 Town Watch
35:53 Murder Holes
36:18 Fortified Wall
37:27 Hand Cart
37:29 Masonry
39:51 Conscription
40:06 Great Wall
40:27 Rocketry
40:16 Bracer
40:46 Ring Archer Armor
42:18 Two-Man Saw
43:03 Coinage
42:00 Elite Skirmisher
42:01 Heavy Cavalry Archer
42:01 Crossbowman
44:09 Rocketry
43:22 Heavy Rocket Cart
43:41 Elite Chu Ko Nu
46:52 Chemistry
52:58 Town Patrol
67:14 Capped Ram
68:50 Siege Ram
82:38 Pikeman
82:39 Elite Fire Lancer
83:05 Arson
83:20 Squires
82:41 Man-at-Arms
83:13 Arbalester
1800000
0:31 Loom
10:15 Double-Bit Axe
15:10 Feudal Age
15:05 Horse Collar
15:55 Heavy Plow
16:08 Bow Saw
17:14 Gold Mining
21:55 Castle Age
23:49 Two-Man Saw
23:24 Crop Rotation
23:34 Forging
23:30 Scale Barding Armor
23:15 Cavalier
23:57 Husbandry
24:45 Stone Mining
27:33 Gold Shaft Mining
40:48 Imperial Age
39:32 Caravan
40:20 Fletching
40:57 Ballistics
41:35 Fortified Wall
43:04 Chemistry
48:51 Wheelbarrow
54:30 Hand Cart
68:29 Paladin
69:32 Chain Barding Armor
69:48 Iron Casting
69:25 Town Watch
70:48 Plate Barding Armor
72:42 Blast Furnace
73:21 Conscription
73:11 Burgundian Vineyards
79:40 Town Patrol
82:53 Fletching
83:04 Padded Archer Armor
85:38 Spies/Treason
Connection lost

Rejoining the realm…

Still unreachable

The connection could not be restored.

Session expired

The server has moved on; the page needs a fresh start.